 Dungeon Crawl Stone Soup version 0.16-a0-3197-g5046a99 (webtiles) character file.

34677 MackTheKnife the Unseen (level 13, -16/69 HPs)
             Began as a Spriggan Enchanter on Dec 18, 2014.
             Was a High Priest of Ashenzari.
             Demolished by a death yak (21 damage)
             ... on level 6 of the Lair of Beasts.
             The game lasted 00:55:47 (19532 turns).

MackTheKnife the Unseen (Spriggan Enchanter)       Turns: 19532, Time: 00:55:48

Health: -16/69     AC:  6    Str:  4    XL:     13   Next: 43%
Magic:  35/35      EV: 27    Int: 19    God:    Ashenzari [*****.]
Gold:   884        SH:  0    Dex: 19    Spells: 4 memorised, 22 levels left

rFire  . . .     SeeInvis +     a - +8 dagger (pierce) (curse)
rCold  . . .     Clarity  +     N - +2 robe {MR+} (curse)
rNeg   + . .     SustAb   .     (shield restricted)
rPois  .         Gourm    .     I - +0 hat
rElec  .         Spirit   .     z - +1 cloak {MR+} (curse)
rCorr  .         Warding  +     (gloves unavailable)
rMut   .         Stasis   .     (boots unavailable)
MR     ++++.                    F - amulet of warding
Stlth  +++++++++.               (no ring)
                                m - ring of stealth

@: very quick, incredibly resistant to hostile enchantments, incredibly stealthy
A: unfitting armour, see invisible, herbivore 3, speed 3, slow metabolism 2
a: Scrying, Transfer Knowledge, Renounce Religion


You were on level 6 of the Lair of Beasts.
You worshipped Ashenzari.
Ashenzari was extremely pleased with you.
You were full.

You visited 3 branches of the dungeon, and saw 20 of its levels.

You collected 1219 gold pieces.
You spent 335 gold pieces at shops.


Innate Abilities, Weirdness & Mutations

You are tiny and cannot use many weapons and most armour.
You have supernaturally acute eyesight.
You are a herbivore.
You cover ground extremely quickly.
You need consume almost no food.


   Skills:
 - Level 8.4 Fighting
 - Level 9.1(13.0) Short Blades
 - Level 7.5(10.2) Dodging
 + Level 19.3(21.2) Stealth
 - Level 11.2 Spellcasting
 - Level 12.0 Hexes


You had 22 spell levels left.
You knew the following spells:

 Your Spells              Type           Power        Failure   Level  Hunger
c - Enslavement           Hex            ######..     1%          4    ##.....
v - Dazzling Spray        Conj/Hex       ####....     1%          3    None
x - Confuse               Hex            ######..     1%          3    None
z - Ensorcelled Hibernat  Hex/Ice        ####..       1%          2    None

Inventory:

Hand weapons
 a - a cursed +8 dagger of piercing (weapon)
Missiles
 e - 23 stones (quivered)
Armour
 z - a cursed +1 cloak of magic resistance (worn)
 I - a +0 hat (worn)
 N - a cursed +2 robe of magic resistance (worn)
Jewellery
 m - a ring of stealth (left hand)
 D - a cursed ring of teleportation
 F - an amulet of warding (around neck)
Magical devices
 k - a wand of disintegration (12)
 l - a wand of cold (2)
 C - a wand of cold (0)
 E - a wand of magic darts (19)
 J - a wand of draining (5)
 M - a wand of lightning (3)
 P - a wand of confusion (29)
Scrolls
 b - 4 scrolls of identify
 c - 2 scrolls of recharging
 g - 4 scrolls of blinking
 p - a scroll of curse jewellery
 q - 2 scrolls of curse weapon
 u - a scroll of amnesia
 w - 3 scrolls of fog
 y - a scroll of curse armour
 O - 5 scrolls of remove curse
 Q - 3 scrolls of teleportation
 R - 2 scrolls of enchant armour
Potions
 f - 2 potions of ambrosia {unknown}
 h - 3 potions of magic
 i - a potion of agility {unknown}
 j - a potion of curing
 o - 3 potions of haste
 r - 3 potions of flight
 s - a potion of restore abilities
 t - 2 potions of might
 v - 3 potions of brilliance
 x - a potion of heal wounds
 G - a potion of beneficial mutation {unknown}
 H - a potion of cancellation {unknown}
 K - a potion of cure mutation {unknown}
 L - a potion of mutation {unknown}
Books
 S - a book of Ice

   Spells                             Type                      Level
   a - Ice Form                       Ice/Transmutation            4
   b - Metabolic Englaciation         Hexes/Ice                    5
   c - Ozocubu's Refrigeration        Ice                          6
   d - Bolt of Cold                   Conjuration/Ice              6
   e - Freezing Cloud                 Conjuration/Ice/Air          6
   f - Simulacrum                     Ice/Necromancy               6
Comestibles
 d - 4 bread rations
 n - 13 fruits
 A - 12 royal jellies
 B - 6 slices of pizza

, ?...(.l.(......PP..#, ,
, ,..............PPP#.#,
* ,,
....#.P.............P. ,
,, ......#P5........%....
,, ,,,,
.....(................,,,
,.........5Y.....P###..,
*, *,.#.....55k5..P..# #*
,, * ##..#.5.Y5....## *,,
##....iYY...## * *
#.#5%rrr...#..# **
##.Y..r5.....P,
##.r.rr...... *
#........... ,
###..5...S. ,* +,
#......., ** ** ,
...>...,, * , *..., , ,


You could see 5 death yaks, a komodo dragon (sleeping), a fire drake, a water
moccasin (wandering), 7 river rats and 10 white imps.


Message History

The puff of frost misses you. The white imp gestures at you.
The puff of frost misses you.
The puff of frost hits the white imp.
The white imp resists.
The white imp hits you but does no damage.
You catch the helpless white imp momentarily off-guard.
You skewer the white imp like a kebab!!!
You kill the white imp!
The river rat misses you. The death yak gores you.
The white imp gestures at you. The puff of frost misses you.
The puff of frost misses the river rat.
The puff of frost hits the white imp.
The white imp completely resists.
The fire drake breathes flames at you. The blast of flame hits you!
The blast of flame hits the white imp.
The white imp is burned terribly!
The white imp dies!
Found a stone staircase leading down.
There is a frozen archway, spattered with blood here.
The white imp gestures at you. The puff of frost hits you!
* * * LOW HITPOINT WARNING * * *
The white imp gestures at you. The puff of frost hits you!
* * * LOW HITPOINT WARNING * * *
The river rat completely misses you. The fire drake breathes flames at you.
The blast of flame hits you!
* * * LOW HITPOINT WARNING * * *
The blast of flame hits the river rat.
The death yak gores you!!
You die...

Action                   |  1- 3 |  4- 6 |  7- 9 | 10-12 | 13-15 || total
-------------------------+-------+-------+-------+-------+-------++-------
Melee: Dagger            |    74 |   115 |   301 |   662 |   122 ||  1274
Throw: Stone             |    20 |       |     2 |     2 |       ||    24
 Cast: Corona            |     3 |       |       |       |       ||     3
       Ensorcelled Hiber |    20 |    12 |    49 |    83 |    10 ||   174
       Confuse           |       |    14 |    45 |   102 |    15 ||   176
       Enslavement       |       |       |    20 |    43 |     3 ||    66
Evoke: Wand              |       |       |     5 |     6 |       ||    11
  Use: Scroll            |       |     9 |    12 |    12 |     2 ||    35
       Potion            |       |       |     3 |     2 |       ||     5
 Stab: Sleeping          |    18 |    27 |    53 |    97 |    31 ||   226
       Confused          |       |    10 |    36 |    66 |    10 ||   122
       Betrayed ally     |       |       |     1 |     2 |       ||     3
       Distracted        |       |       |       |     2 |     1 ||     3
  Eat: Bread ration      |       |     1 |     1 |     2 |     1 ||     5

Vault maps used:
D:1:      dpeg_arrival_shelter
D:2:      nicolae_overflow_crystal_walls
D:3:      lemuel_old_faithful
D:4:      first_bread, serial_shops, shop, kennysheep_little_box, shop_statue,
          kennysheep_mini_moat, nemelex_xobeh_ov_fountains_minmay
D:5:      uniq_sigmund
D:6:      grunt_temple_overflow_order_and_chaos_1, minmay_temple_entry_poolview,
          serial_shops, shop, st_stairs_11, uniq_crazy_yiuf_cottage
D:7:      grunt_dithmenos_smoke_and_mirrors
D:8:      black_bear_nest_1, david_nohive_1
D:9:      minitemple, lair_0_dummy
D:10:     serial_shops, shop_statue, uniq_erica
D:12:     lemuel_ogre_cave, erik_orc_1, nicolae_trove_entry_crystal,
          uniq_josephine, uniq_erolcha, uniq_psyche
Lair:1:   serial_bayou_shore_b, serial_bayou_shore_a,
          infiniplex_staircase_pool_2, grunt_megastairs_3
Lair:2:   lemuel_ratsnest, uniq_gastronok
Lair:3:   beast_lair_carwin_3
Lair:4:   kb_xom_exploding_sheep
Lair:5:   spider_nest_entry_web_field, lemuel_fruit_fields
Lair:6:   swamp_mist_pool, slime_altar_1, portal_ice_cave_entry_imps
Orc:1:    basic_altar
Orc:2:    basic_altar

Notes
Turn   | Place    | Note
--------------------------------------------------------------
     0 | D:1      | MackTheKnife, the Spriggan Enchanter, began the quest for the Orb.
     0 | D:1      | Reached XP level 1. HP: 9/9 MP: 4/4
   679 | D:1      | Reached skill level 5 in Stealth
   679 | D:1      | Reached XP level 2. HP: 13/13 MP: 7/7
   684 | D:1      | Learned a level 2 spell: Ensorcelled Hibernation
   771 | D:1      | Reached skill level 4 in Hexes
  1251 | D:2      | Reached XP level 3. HP: 16/16 MP: 1/9
  1321 | D:2      | Learned a level 3 spell: Confuse
  1377 | D:2      | Reached skill level 6 in Stealth
  1379 | D:2      | Reached skill level 3 in Spellcasting
  1594 | D:2      | Reached XP level 4. HP: 17/21 MP: 8/13
  1883 | D:2      | Found a shattered altar of Ashenzari.
  1919 | D:2      | Became a worshipper of Ashenzari the Shackled
  2765 | D:4      | Reached XP level 5. HP: 24/24 MP: 14/17
  2777 | D:4      | Reached skill level 5 in Hexes
  2826 | D:4      | Found Grax's Armour Boutique.
  2879 | D:4      | Reached skill level 4 in Spellcasting
  2934 | D:4      | Reached skill level 7 in Stealth
  2975 | D:4      | Bought a +0 cloak of magic resistance for 115 gold pieces
  3033 | D:4      | Found a sparkling altar of Nemelex Xobeh.
  3392 | D:4      | Reached XP level 6. HP: 28/28 MP: 15/20
  3397 | D:4      | Found Eqoejot's Magic Scroll Shop.
  3410 | D:4      | Found Ykloziti's Jewellery Boutique.
  3427 | D:4      | Reached skill level 5 in Spellcasting
  3801 | D:4      | Found Twamaguj's Weapon Shop.
  4002 | D:5      | Entered Level 5 of the Dungeon
  4008 | D:5      | Reached skill level 6 in Hexes
  4079 | D:5      | Noticed Sigmund
  4093 | D:5      | Killed Sigmund
  4093 | D:5      | Reached skill level 8 in Stealth
  4268 | D:5      | Reached XP level 7. HP: 32/32 MP: 23/23
  4295 | D:5      | Reached skill level 6 in Spellcasting
  4561 | D:5      | Reached skill level 9 in Stealth
  4561 | D:5      | Reached skill level 7 in Hexes
  4779 | D:5      | Reached XP level 8. HP: 36/36 MP: 22/25
  4914 | D:6      | Found Azaedase's General Store.
  5014 | D:6      | Reached skill level 10 in Stealth
  5138 | D:6      | Reached skill level 8 in Hexes
  5149 | D:6      | Noticed an angel
  5150 | D:6      | Found a glowing silver altar of Zin.
  5150 | D:6      | Found a shimmering altar of Xom.
  5272 | D:6      | Reached skill level 2 in Short Blades
  5348 | D:6      | Noticed Crazy Yiuf
  5354 | D:6      | Killed Crazy Yiuf
  5354 | D:6      | Reached skill level 3 in Short Blades
  5553 | D:6      | Reached skill level 4 in Short Blades
  5655 | D:6      | Found a staircase to the Ecumenical Temple.
  5824 | D:7      | Reached skill level 5 in Short Blades
  6043 | D:7      | Learned a level 4 spell: Enslavement
  6211 | D:7      | Found a shadowy altar of Dithmenos.
  6614 | D:8      | Reached skill level 6 in Short Blades
  6614 | D:8      | Reached XP level 9. HP: 37/39 MP: 27/27
  6937 | D:8      | Reached skill level 7 in Short Blades
  6944 | D:8      | Noticed a queen bee
  7255 | D:8      | Reached skill level 8 in Short Blades
  7416 | D:8      | Killed a queen bee
  7416 | D:8      | Reached skill level 9 in Short Blades
  7690 | D:8      | Reached skill level 4 in Dodging
  7690 | D:8      | Reached skill level 11 in Stealth
  7782 | D:8      | Acquired Ashenzari's first power
  7836 | D:8      | Reached skill level 5 in Dodging
  8061 | D:8      | Reached skill level 6 in Dodging
  8321 | D:9      | Reached skill level 12 in Stealth
  8326 | D:9      | Learned a level 3 spell: Dazzling Spray
  8510 | D:9      | Reached XP level 10. HP: 44/44 MP: 14/28
  8559 | D:9      | Found a staircase to the Lair.
  8747 | D:9      | Reached skill level 7 in Dodging
  8935 | D:9      | Reached skill level 7 in Spellcasting
  9086 | D:9      | Reached skill level 13 in Stealth
  9171 | D:9      | Found a blossoming altar of Fedhas.
  9179 | D:9      | Found a sacrificial altar of Ru.
  9179 | D:9      | Found a glowing golden altar of the Shining One.
  9179 | D:9      | Found an opulent altar of Gozag.
  9180 | D:9      | Found an ancient bone altar of Kikubaaqudgha.
  9183 | D:9      | Found a burning altar of Makhleb.
  9189 | D:9      | Found a sparkling altar of Nemelex Xobeh.
  9192 | D:9      | Found an iron altar of Okawaru.
  9217 | D:10     | Entered Level 10 of the Dungeon
  9217 | D:10     | Found Rocoqoawk's Magic Scroll Shop.
  9456 | D:10     | Reached skill level 9 in Hexes
  9494 | D:10     | Noticed Erica
  9508 | D:10     | Killed Erica
  9527 | D:10     | Noticed a hill giant
  9534 | D:10     | Killed a hill giant
  9534 | D:10     | Reached skill level 8 in Spellcasting
  9552 | D:10     | Reached skill level 14 in Stealth
 10127 | Lair:1   | Entered Level 1 of the Lair of Beasts
 10217 | Lair:1   | Reached skill level 10 in Hexes
 10238 | Lair:1   | Reached XP level 11. HP: 47/47 MP: 31/31
 10298 | Lair:1   | Acquired Ashenzari's second power
 10502 | Lair:1   | Reached skill level 15 in Stealth
 11376 | D:9      | Reached skill level 11 in Hexes
 11405 | D:10     | Noticed a hill giant
 11445 | D:10     | Killed a hill giant
 11794 | D:11     | Reached skill level 16 in Stealth
 12453 | D:11     | Noticed a hill giant
 12458 | D:11     | Killed a hill giant
 12458 | D:11     | Reached skill level 12 in Hexes
 12574 | D:11     | Reached skill level 9 in Spellcasting
 12902 | D:12     | Reached skill level 17 in Stealth
 13235 | D:12     | Noticed Josephine
 13584 | D:12     | Reached skill level 10 in Spellcasting
 13584 | D:12     | Reached XP level 12. HP: 47/51 MP: 33/33
 13624 | D:12     | Noticed an ogre mage
 13721 | D:12     | Noticed a centaur warrior
 13731 | D:12     | Killed a centaur warrior
 14267 | D:12     | Killed Josephine
 14267 | D:12     | Reached skill level 18 in Stealth
 14267 | D:12     | Reached skill level 11 in Spellcasting
 14779 | D:12     | Reached skill level 1 in Fighting
 14797 | D:12     | Found a staircase to the Orcish Mines.
 14997 | D:12     | Noticed Erolcha
 15005 | D:12     | Killed Erolcha
 15005 | D:12     | Reached skill level 2 in Fighting
 15028 | D:12     | Noticed Psyche
 15040 | D:12     | Killed Psyche
 15040 | D:12     | Reached skill level 3 in Fighting
 15191 | D:12     | Found a portal to a secret trove of treasure.
 15280 | Orc:1    | Entered Level 1 of the Orcish Mines
 15280 | Orc:1    | Found a roughly hewn altar of Beogh.
 15502 | Orc:2    | Found a roughly hewn altar of Beogh.
 15844 | D:6      | Bought a scroll of brand weapon for 220 gold pieces
 16024 | Lair:2   | Acquired Ashenzari's third power
 16109 | Lair:2   | Noticed Gastronok
 16111 | Lair:2   | Killed Gastronok
 16111 | Lair:2   | Reached skill level 4 in Fighting
 16177 | Lair:2   | Reached skill level 5 in Fighting
 16456 | Lair:2   | Reached skill level 6 in Fighting
 17644 | Lair:3   | Reached XP level 13. HP: 60/66 MP: 15/35
 17653 | Lair:3   | Reached skill level 7 in Fighting
 18340 | Lair:4   | Reached skill level 8 in Fighting
 18570 | Lair:4   | Acquired Ashenzari's fourth power
 18624 | Lair:4   | Found a shimmering altar of Xom.
 19000 | Lair:5   | Reached skill level 19 in Stealth
 19036 | Lair:5   | Found a hole to the Spider Nest.
 19522 | Lair:6   | Found a frozen archway.
 19532 | Lair:6   | HP: 5/69 [fire drake/blast of flame (19)]
 19532 | Lair:6   | Demolished by a death yak

Vanquished Creatures
  Gastronok (Lair:2)
  Josephine (D:12)
  A centaur warrior (D:12)
  2 hydras (Lair:4)
  Erica (D:10)
  3 hill giants
  Erolcha (D:12)
  An ugly thing zombie (D:12)
  3 ugly things (D:12)
  A cyclops (D:12)
  A centaur zombie (D:12)
  A gargoyle (D:12)
  A black mamba (Lair:4)
  Psyche (D:12)
  9 spiny frogs
  3 komodo dragons
  A troll (D:11)
  A fire drake (Lair:5)
  A queen bee (D:8)
  4 slime creatures (D:12)
  3 two-headed ogres
  19 blink frogs
  2 trapdoor spider zombies
  A wraith (D:11)
  A trapdoor spider (D:12)
  3 deep elf magi
  5 hippogriffs
  2 basilisks (Lair:1)
  23 yaks
  2 hungry ghosts
  5 wolves (Lair:3)
  A vampire mosquito (D:12)
  A mottled dragon (D:11)
  9 porcupines
  2 water moccasins
  7 centaurs
  A boring beetle (Lair:5)
  A swamp drake (D:12)
  2 black bears (D:8)
  3 sky beasts
  4 ogres
  3 orc warriors
  A phantom (D:7)
  5 ice beasts
  A yellow wasp (D:10)
  Sigmund (D:5)
  7 crocodiles
  A big kobold (D:6)
  A water moccasin zombie (D:5)
  14 giant frogs
  7 scorpions
  19 killer bees
  A giant frog zombie (D:12)
  3 goliath beetles
  5 crimson imps
  5 orc priests
  3 jellies
  A quasit (D:11)
  Crazy Yiuf (D:6)
  9 hounds
  2 giant frog skeletons
  6 two-headed ogre zombies (D:12)
  10 orc wizards
  5 iguanas
  6 hell rats (Lair:2)
  11 worker ants
  16 sheep
  A sky beast zombie (D:10)
  A big kobold zombie (D:6)
  A hound skeleton (D:9)
  2 hound zombies
  A mummy (D:9)
  A worker ant zombie (D:10)
  7 gnolls
  20 adders
  15 river rats (Lair:2)
  5 shadow imps
  A giant mite (D:9)
  A white imp (Lair:6)
  5 worms
  3 giant geckos
  28 orcs
  2 bat skeletons
  3 giant cockroaches
  14 goblins
  17 hobgoblins
  7 quokkas
  A ball python (D:1)
  12 bats
  A giant cockroach zombie (D:5)
  A giant gecko skeleton (D:5)
  5 giant newts
  A hobgoblin zombie (D:6)
  4 jackals
  11 kobolds
  A kobold zombie (D:6)
  35 rats
486 creatures vanquished.

Vanquished Creatures (collateral kills)
  A centaur zombie (D:12)
  A centaur skeleton (D:12)
  A yak (D:11)
  A wolf (Lair:3)
  An ogre (D:12)
  An orc warrior (D:12)
  3 killer bees (D:10)
  2 two-headed ogre zombies (D:12)
  A gnoll shaman (D:9)
  2 orc wizards
  5 gnolls
  A giant mite (D:9)
  8 orcs
  A kobold (D:9)
29 creatures vanquished.

Vanquished Creatures (others)
  A spiny frog (Lair:5)
  A troll (D:12)
  An orc warrior (D:10)
  6 killer bees
  2 two-headed ogre zombies (D:12)
  A hound (Lair:1)
  A centaur skeleton (D:12)
  A hell rat (Lair:2)
  7 sheep
  A white imp (Lair:6)
  2 orcs
  A rat (Lair:2)
25 creatures vanquished.

Grand Total: 540 creatures vanquished
